Cogmind - Beta 13 @@@ ROGUE MODE // 2024.08.06 @ 09:39:03 Player: Sgt. SmokeWeed Result: Destroyed by H-61 Shepherd with Heavy Assault Cannon Performance ------------- Evolutions (3) 1500 Regions Visited (6) 1200 Robots Destroyed (42) 210 Value Destroyed (1540) 1540 Prototype IDs (24) 480 Alien Tech Used (0) 0 Bonus (401) 401 TOTAL SCORE: 5331 Bonus ------- Follower Combat Kills 130 Aligned with FarCom 300 Friendly Fire -29 Cogmind --------- Core Integrity 0/700 Matter 297/300 Energy 100/100 System Corruption 23% Temperature Cool (0) Movement Core (50) Location -7/Factory Parts ------- > --- POWER (3) -------- (None) > --- PROPULSION (2) --- (None) > --- UTILITY (6) ------ Improved Melee Analysis Suite Improved Melee Analysis Suite Improved Melee Analysis Suite System Shield > --- WEAPON (2) ------- Ripper > --- INVENTORY (5) ---- (None) Peak State ------------ > --- POWER ------------ Improved Deuterium Engine Improved Deuterium Engine Improved Deuterium Engine > --- PROPULSION ------- Medium Treads Medium Treads > --- UTILITY ---------- Cloak of Protection Hacking Suite Bomb Drone Bay > --- WEAPON ----------- Rocket Launcher Ripper > --- INVENTORY -------- Light Treads Light Treads Light Treads [Rating: 51] Favorites ----------- Power Improved Deuterium Engine Engine Improved Deuterium Engine Propulsion Medium Treads Treads Medium Treads Leg Carbon-fiber Leg Utility Hacking Suite Device Cloak of Protection Processor Improved Melee Analysis Suite Hackware Hacking Suite Protection Improved Medium Armor Plating Weapon Rocket Launcher Energy Gun Medium Laser Energy Cannon Beam Cannon Ballistic Gun Assault Rifle Launcher Rocket Launcher Impact Weapon Great Maul Slashing Weapon Ripper Build | -11 -10 -10 -10 -9 -8 -7 ------- Run | Yrd Mat Min Exi Min Mat Fac Slots Evolved 6 | . . . . . 4 2 Power 2 | . . . . . 2 . Propulsion . | . . . . . . . Utility 4 | . . . . . 2 2 Weapon . | . . . . . . . Parts Attached 37 | 5 3 2 1 . 9 17 Power 7 | 1 . . . . 3 3 Engine 7 | 1 . . . . 3 3 Core . | . . . . . . . Reactor . | . . . . . . . Propulsion 9 | 2 . . . . 2 5 Treads 7 | 2 . . . . 2 3 Leg 2 | . . . . . . 2 Wheel . | . . . . . . . Hover . | . . . . . . . Flight . | . . . . . . . Utility 12 | . 2 . 1 . 2 7 Device 4 | . 1 . 1 . 2 . Storage . | . . . . . . . Processor 4 | . . . . . . 4 Hackware 2 | . 1 . . . . 1 Protection 2 | . . . . . . 2 Artifact . | . . . . . . . Weapon 9 | 2 1 2 . . 2 2 Energy Gun 1 | 1 . . . . . . Energy Cannon 1 | . 1 . . . . . Ballistic Gun 1 | 1 . . . . . . Ballistic Cannon . | . . . . . . . Launcher 1 | . . 1 . . . . Special Weapon . | . . . . . . . Impact Weapon 3 | . . . . . 2 1 Slashing Weapon 2 | . . 1 . . . 1 Piercing Weapon . | . . . . . . . Special Melee Weapon . | . . . . . . . Unidentified Prototypes 1 | . . . . . 1 . Parts Lost 18 | . . . . . . 18 Power 5 | . . . . . . 5 Propulsion 5 | . . . . . . 5 Utility 5 | . . . . . . 5 Weapon 3 | . . . . . . 3 Highest Loss Streak 7 | . . . . . . 7 To Critical Strikes . | . . . . . . . Average Slot Usage (%) 77 | . 84 100 93 85 78 65 Engine 16 | . 14 14 14 14 24 15 Treads 18 | . 28 28 28 28 18 12 Device 7 | . 10 14 7 . 9 3 Processor 2 | . . . . . . 5 Hackware 9 | . 2 14 14 14 9 6 Protection 3 | . . . . . . 8 Energy Cannon 2 | . 11 9 . . . . Ballistic Gun 2 | . 14 11 . . . . Launcher 5 | . . 4 14 14 9 3 Impact Weapon 3 | . . . . . 4 6 Slashing Weapon 3 | . . 2 14 14 4 . Naked Turns . | . . . . . . . Heaviest Build 57 | 9 11 13 20 12 53 57 Greatest Support 56 | 40 40 40 40 40 56 56 Greatest Overweight (x) 2 | 2 . . . . 1 1 Average Overweight (x) . | . . . . . . . Largest Inventory Capacity 5 | 5 5 5 5 5 5 5 Average Capacity 5 | 5 5 5 5 5 5 5 Most Carried 5 | . 1 1 2 4 4 5 Average Carried 2 | . . 1 1 2 3 3 Final Capacity 5 | 5 5 5 5 5 5 5 Final Carried 4 | . 1 1 2 4 4 . Class Distribution -------------------- 100% | Mutant Dominant Class ---------------- Mutant | -10/Materials Mutant | -10/Mines Mutant | -10/Exiles Mutant | -9/Mines Mutant | -8/Materials Mutant | -7/Factory Resources | -11 -10 -10 -10 -9 -8 -7 ----------- Run | Yrd Mat Min Exi Min Mat Fac Matter Collected 701 | 173 43 147 . . 122 216 Remotely . | . . . . . . . Salvage Created 1553 | . 54 145 . . 155 1199 Parts 54 | . 7 14 . . 5 28 Haulers Intercepted 1 | . 1 . . . . . Recyclers Shooed . | . . . . . . . Parts Field Recycled . | . . . . . . . Retrieved Matter . | . . . . . . . Parts Self-Destructed . | . . . . . . . Prevented . | . . . . . . . Kills | -11 -10 -10 -10 -9 -8 -7 ------- Run | Yrd Mat Min Exi Min Mat Fac Combat Hostiles Destroyed 32 | . . 5 . . 3 24 Melee 14 | . . . . . . 14 Guns 4 | . . 4 . . . . Cannons 1 | . . 1 . . . . AOE 2 | . . . . . 2 . Classes Destroyed 12 | . 2 4 . . 2 4 Worker 3 | . . 1 . . 1 1 Builder 2 | . . . . . 1 1 Tunneler 1 | . . 1 . . . . Hauler 1 | . 1 . . . . . Recycler 1 | . . . . . . 1 Operator 2 | . 1 . . . . 1 Swarmer 3 | . . 3 . . . . Grunt 20 | . . 2 . . 2 16 Brawler 1 | . . . . . . 1 Duelist 2 | . . . . . 1 1 Hunter 3 | . . . . . . 3 Programmer 3 | . . . . . . 3 Best Kill Streak 8 | . 1 2 . . 2 8 Combat Bots Only 8 | . . 2 . . 2 8 Max Kills in Single Turn 2 | . 1 1 . . 2 1 Gunslinging . | . . . . . . . Exploded 2 | . . . . . 2 . Melee 1 | . . . . . . 1 Uniques/NPCs Destroyed . | . . . . . . . Combat | -11 -10 -10 -10 -9 -8 -7 -------- Run | Yrd Mat Min Exi Min Mat Fac Hostile Shots Fired 286 | . . 45 . . 7 234 Missed 88 | . . 21 . . 3 64 Damage Taken 3464 | . . 250 . . 77 3137 Core 808 | . . 72 . . . 736 Absorbed by Shields . | . . . . . . . Core Remaining (%) 90 | 100 . . . 71 100 . Volleys Fired 25 | . 4 19 . . 2 . Largest 2 | . 2 2 . . 1 . Hottest 80 | . 80 80 . . 33 . Shots Fired 45 | . 8 35 . . 2 . Gun 23 | . 4 19 . . . . Cannon 20 | . 4 16 . . . . Launcher 2 | . . . . . 2 . Special . | . . . . . . . Kinetic 23 | . 4 19 . . . . Thermal 20 | . 4 16 . . . . Explosive 2 | . . . . . 2 . Electromagnetic . | . . . . . . . Robot Hit Streak 4 | . 2 4 . . . . Robot Miss Streak 9 | . 3 9 . . 2 . Penetration Max . | . . . . . . . Secondary Targets . | . . . . . . . Shots Hit Robots 92 | . 3 17 . . 5 67 Core Hits 35 | . 3 10 . . 6 16 Critical Kills 5 | . . . . . . 5 Critical Parts Destroyed 12 | . . . . . 1 11 Critical Strikes 19 | . . . . . 1 18 Smash 18 | . . . . . 1 17 Sever 1 | . . . . . . 1 Melee Attacks 95 | . . 2 . . 8 85 Impact 88 | . . . . . 8 80 Slashing 7 | . . 2 . . . 5 Piercing . | . . . . . . . Sneak Attacks 7 | . . 2 . . 2 3 Combat Hostiles . | . . . . . . . Follow-up Attacks . | . . . . . . . Damage Inflicted 3980 | . 51 368 . . 457 3104 Guns 126 | . 11 115 . . . . Cannons 139 | . 35 104 . . . . Explosions 198 | . . . . . 198 . Melee 3494 | . . 146 . . 259 3089 Ramming 23 | . 5 3 . . . 15 Kinetic 126 | . 11 115 . . . . Thermal 139 | . 35 104 . . . . Explosive 198 | . . . . . 198 . Electromagnetic . | . . . . . . . Impact 3142 | . . . . . 259 2883 Slashing 352 | . . 146 . . . 206 Piercing . | . . . . . . . Highest Corruption 23 | . . . . . . 23 Average Corruption 19 | . . . . . . 19 Corruption Purged . | . . . . . . . Corruption Blocked . | . . . . . . . Effects 44 | . . . . . . 44 Message Errors 6 | . . . . . . 6 Matter Fused 15 | . . . . . . 15 Heat Flow Errors 3 | . . . . . . 3 Energy Discharges 7 | . . . . . . 7 Parts Rejected 3 | . . . . . . 3 Parts Fused 1 | . . . . . . 1 Data Loss (minor) 6 | . . . . . . 6 Data Loss (major) 1 | . . . . . . 1 Alerts 1 | . . . . . . 1 Misdirections 1 | . . . . . . 1 Overload Shots . | . . . . . . . Overflow Damage 1034 | . . 30 . . 123 881 Projectiles . | . . . . . . . Explosions . | . . . . . . . Melee 1034 | . . 30 . . 123 881 Knockbacks 20 | . 1 . . . 2 17 Impact 19 | . 1 . . . 2 16 Kinetic . | . . . . . . . Secondary 1 | . . . . . . 1 Self-Inflicted Damage 7 | . . . . . . 7 Shots . | . . . . . . . Rammed 6 | . 2 1 . . . 3 Targets Rammed 7 | . 2 2 . . . 3 Kicked . | . . . . . . . Crushed 1 | . . 1 . . . . Highest Temperature 271 | . . 6 . . 19 271 Average Temperature 44 | . . 2 . . 7 57 Received Heat Transfer 1050 | . . 51 . . 63 936 Effects 1 | . . . . . . 1 Energy Bleed 1 | . . . . . . 1 Siege Activations . | . . . . . . . Robots Corrupted . | . . . . . . . Combat Hostiles . | . . . . . . . Parts Fried 16 | . . . . . 3 13 Impact Corruptions 37 | . . . . . 5 32 Robots Melted . | . . . . . . . Combat Hostiles . | . . . . . . . Parts Melted . | . . . . . . . Heat Transferred 296 | . 74 222 . . . . Parts Sabotaged . | . . . . . . . Parts Stolen . | . . . . . . . Parts Stripped . | . . . . . . . Power Chain Reactions . | . . . . . . . Alert | -11 -10 -10 -10 -9 -8 -7 ------- Run | Yrd Mat Min Exi Min Mat Fac Peak Influence 350 | . 42 151 . . 93 350 Initial 16 | . . 16 . . . . Average 71 | . 14 62 . . 41 100 Maximum Alert Level 1 | . . . . . . 1 Low Security (%) 85 | 100 100 100 . 100 100 72 Level 1 14 | . . . . . . 27 Level 2 . | . . . . . . . Level 3 . | . . . . . . . Level 4 . | . . . . . . . Level 5 . | . . . . . . . High Security . | . . . . . . . Max Security . | . . . . . . . Squads Dispatched 11 | . 2 . . . 1 8 Investigation 4 | . 1 . . . 1 2 Extermination 2 | . . . . . . 2 Reinforcement 5 | . 1 . . . . 4 Assault . | . . . . . . . Garrison . | . . . . . . . Intercept . | . . . . . . . Searches Triggered . | . . . . . . . Construction Impeded . | . . . . . . . Haulers Reinforced 1 | . . . . . . 1 Active Scanning Responses . | . . . . . . . Cargo Convoy Interrupts . | . . . . . . . Stealth | -11 -10 -10 -10 -9 -8 -7 --------- Run | Yrd Mat Min Exi Min Mat Fac Distress Signals 6 | . . . . . 1 5 Communications Jammed . | . . . . . . . Distress Signals . | . . . . . . . Times Spotted 55 | . 2 8 . . 7 38 Peak Tracking Total 9 | . 2 3 . . 3 9 Tactical Retreats 3 | . . 1 . . . 2 Traps | -11 -10 -10 -10 -9 -8 -7 ------- Run | Yrd Mat Min Exi Min Mat Fac Traps Triggered 5 | . 1 . . . . 4 Indirectly . | . . . . . . . Trap Hack Attempts . | . . . . . . . Triggered . | . . . . . . . Disarmed . | . . . . . . . Reprogrammed . | . . . . . . . Reused . | . . . . . . . Traps Extracted . | . . . . . . . Installed . | . . . . . . . Triggered . | . . . . . . . Machines | -11 -10 -10 -10 -9 -8 -7 ---------- Run | Yrd Mat Min Exi Min Mat Fac Machines Disabled 3 | . 1 . . . . 2 Max in Single Turn 1 | . 1 . . . . 1 Garrison Access 2 | . . . . . . 2 Machines Repaired . | . . . . . . . Machines Dismantled . | . . . . . . . Machines Sabotaged . | . . . . . . . Overloaded Fab Kills . | . . . . . . . Hacking | -11 -10 -10 -10 -9 -8 -7 --------- Run | Yrd Mat Min Exi Min Mat Fac Machines Accessed 6 | . . . 1 1 . 4 Terminals 2 | . . . . . . 2 Fabricators . | . . . . . . . Repair Stations . | . . . . . . . Recycling Units . | . . . . . . . Scanalyzers . | . . . . . . . Garrison Access 2 | . . . . . . 2 Total Hacks 10 | . . . 1 1 . 8 Successful 6 | . . . 1 1 . 4 Failed 4 | . . . . . . 4 Catastrophic 2 | . . . . . . 2 Database Lockouts . | . . . . . . . Manual 2 | . . . 1 . . 1 Terminals 3 | . . . . . . 3 Fabricators . | . . . . . . . Repair Stations . | . . . . . . . Recycling Units . | . . . . . . . Scanalyzers . | . . . . . . . Garrison Access 5 | . . . . . . 5 Terminal Hacks 4 | . . . 1 1 . 2 Open Door 1 | . . . . 1 . . Open DSF 1 | . . . . . . 1 Branch Access Points 1 | . . . . . . 1 Derelict Proto ID Bank 1 | . . . 1 . . . Fabricator Hacks . | . . . . . . . Repair Station Hacks . | . . . . . . . Recycling Unit Hacks . | . . . . . . . Scanalyzer . | . . . . . . . Garrison Access Hacks 2 | . . . . . . 2 Seal Access 2 | . . . . . . 2 Unauthorized Hacks . | . . . . . . . Terminals . | . . . . . . . Fabricators . | . . . . . . . Repair Stations . | . . . . . . . Recycling Units . | . . . . . . . Scanalyzers . | . . . . . . . Garrison Access . | . . . . . . . Data Cores Recovered . | . . . . . . . Used . | . . . . . . . Hacking Detections 2 | . . . . . . 2 Full Trace Events . | . . . . . . . Feedback Events . | . . . . . . . Feedback Blocked . | . . . . . . . Robot Schematics Acquired . | . . . . . . . Robots Built . | . . . . . . . Authchips . | . . . . . . . Time . | . . . . . . . Total Robot Build Rating . | . . . . . . . Part Schematics Acquired . | . . . . . . . Parts Built . | . . . . . . . Authchips . | . . . . . . . Time . | . . . . . . . Total Part Build Rating . | . . . . . . . Parts Repaired . | . . . . . . . Time . | . . . . . . . Parts Recycled . | . . . . . . . Recycled Matter . | . . . . . . . Retrieved Matter . | . . . . . . . Retrieved Components . | . . . . . . . Parts Scanalyzed . | . . . . . . . Part Schematics Acquired . | . . . . . . . Parts Damaged . | . . . . . . . Bothacking | -11 -10 -10 -10 -9 -8 -7 ------------ Run | Yrd Mat Min Exi Min Mat Fac Used RIF Installer . | . . . . . . . Robots Hacked . | . . . . . . . Non-combat . | . . . . . . . Combat . | . . . . . . . Robot Hacks Applied . | . . . . . . . Relay Couplers Released . | . . . . . . . Fabnet Peak Effective % . | . . . . . . . Robots Rewired . | . . . . . . . Allies Hacked . | . . . . . . . Hacks Repelled . | . . . . . . . Allies | -11 -10 -10 -10 -9 -8 -7 -------- Run | Yrd Mat Min Exi Min Mat Fac Total Allies 5 | . . 5 . . . . Largest Group 5 | . . 5 5 3 3 . Highest-Rated Group 89 | . . 89 89 40 40 . Highest-Rated Ally 31 | . . 31 31 16 16 . Total Orders 1 | . . . . . 1 . EXPLORE 1 | . . . . . 1 . Ally Attacks 40 | . . 13 . . 27 . Total Damage 359 | . . 191 . . 168 . Kills 6 | . . 3 . . 3 . Allies Corrupted . | . . . . . . . Allies Melted . | . . . . . . . Intel | -11 -10 -10 -10 -9 -8 -7 ------- Run | Yrd Mat Min Exi Min Mat Fac Robot Analysis Total . | . . . . . . . Derelict Logs Recovered 2 | . . 1 . 1 . . Drone Launches 16 | . . . . . 16 . Drone Recoveries 1 | . . . . . 1 . Exploration | -11 -10 -10 -10 -9 -8 -7 ------------- Run | Yrd Mat Min Exi Min Mat Fac Turns Passed 4304 | 62 198 766 342 147 805 1984 Spaces Moved 2201 | 37 111 424 213 92 390 934 Core 43 | 9 . . . . . 34 Treads 2068 | 28 111 424 213 92 390 810 Legs 90 | . . . . . . 90 Wheels . | . . . . . . . Hover . | . . . . . . . Flight . | . . . . . . . Fastest Speed 50 | 50 160 160 160 160 160 50 Average Speed 163 | 146 160 160 160 160 160 167 Slowest Speed 240 | 160 160 160 160 160 240 240 Overloaded Moves . | . . . . . . . Propulsion Burnouts . | . . . . . . . Robots Hopped . | . . . . . . . Cave-ins Triggered . | . . . . . . . Exploration Rate (%) 41 | 4 25 95 60 24 53 29 Regions Visited 6 Branch Regions 3 Pre-discovered Areas . | . . . . . . . Known Exits Taken 1 | . . . . 1 . . Unknown Exits Taken 5 | 1 1 1 1 . 1 . Scrap Searched 1 | . . 1 . . . . Spaces Dug 1 | . . . . . . 1 Terrain Destroyed 19 | . . . . . 18 1 Melee 1 | . . . . . . 1 Projectile . | . . . . . . . AOE 18 | . . . . . 18 . Terrain Rammed . | . . . . . . . Walls Destroyed . | . . . . . . . Machines Disabled . | . . . . . . . Actions | -11 -10 -10 -10 -9 -8 -7 --------- Run | Yrd Mat Min Exi Min Mat Fac Total 2682 | 42 121 473 215 92 553 1186 Wait 304 | 1 . 23 . . 135 145 Move 2195 | 36 110 423 212 91 389 934 Hop . | . . . . . . . Pick Up 7 | . 1 . . 1 3 2 Fast Attach 27 | 5 3 2 1 . 5 11 Attach 8 | . . . . . 2 6 Detach 2 | . . . 1 . 1 . Swap 2 | . . . . . 2 . Drop 10 | . 1 2 1 . 6 . Fire 25 | . 4 19 . . 2 . Melee 95 | . . 2 . . 8 85 Ram 3 | . . . . . . 3 Kick . | . . . . . . . Crush 4 | . 2 2 . . . . Escape Stasis . | . . . . . . . Rewire . | . . . . . . . Trap . | . . . . . . . Miscellaneous . | . . . . . . . Route ------- -11/Scrapyard -10/Materials -10/Mines (discovered 3 exits: [*Mat x2] / *Exi) -10/Exiles -9/Mines (discovered 2 exits: *Mat x2) -8/Materials -7/Factory (discovered 3 exits: [*Fac] / Low x2) History --------- Turn | Location | Event 18 | -11/Scrapyard | Discovered new exit (range 15) 63 | -11/Scrapyard | Entered Materials 248 | -10/Materials | Discovered new exit (range 7) 261 | -10/Materials | Entered Mines 284 | -10/Mines | Learned Materials emergency access door positions 305 | -10/Mines | Build established: Mutant 524 | -10/Mines | Discovered new exit (range 10) 658 | -10/Mines | Discovered new exit (range 8) 769 | -10/Mines | Received a Rocket Launcher from a helpful Derelict 828 | -10/Mines | Assisted by bots powering up and referring to "LRC-V3" 884 | -10/Mines | A weapon hastily lodged in a ceiling crevice suddenly fell to the ground 993 | -10/Mines | Deemed a non-threat by the Exiles lab entrance 995 | -10/Mines | Discovered new exit (range 5) 1027 | -10/Mines | Entered Exiles 1027 | -10/Exiles | Accompanied by 5 allies 1057 | -10/Exiles | Led the pair of lost Derelicts to a safe place 1067 | -10/Exiles | Met 8R-AWN 1091 | -10/Exiles | Met EX-HEX 1138 | -10/Exiles | Met EX-BIN 1160 | -10/Exiles | Aligned with FarCom system 1162 | -10/Exiles | Given EX-Vault access code 1202 | -10/Exiles | Opened EX-Vault 1215 | -10/Exiles | Found Cloak of Protection 1254 | -10/Exiles | Warned to stay clear of 0b10 Research branches 1297 | -10/Exiles | Met EX-DEC 1353 | -10/Exiles | Discovered new exit (range 11) 1369 | -10/Exiles | Left Exiles lab with Cloak of Protection 1369 | -10/Exiles | Entered Mines 1369 | -9/Mines | Accompanied by 3 allies 1380 | -9/Mines | Met a Derelict bent on vengeance 1477 | -9/Mines | Discovered new exit (range 8) 1490 | -9/Mines | Found the Drone Emporium 1494 | -9/Mines | Identified exit to Materials 1497 | -9/Mines | Found Prototype Device 1516 | -9/Mines | Entered Materials 1516 | -8/Materials | Accompanied by 3 allies 1516 | -8/Materials | Evolved 4 slots: Power x2, Utility x2 1654 | -8/Materials | Identified Bomb Drone Bay 1720 | -8/Materials | Discovered new exit (range 58) 2321 | -8/Materials | Entered Factory 2321 | -7/Factory | Evolved 2 slots: Utility x2 2416 | -7/Factory | Identified exit to Lower Caves 3382 | -7/Factory | System corruption reached 10% 3418 | -7/Factory | Lost 4 parts (1p3u) 3688 | -7/Factory | Core integrity fell below 50% 3713 | -7/Factory | Lost 7 parts (2p2n2u1w) 3783 | -7/Factory | Destroyed 8 combat bots 4180 | -7/Factory | Core integrity fell below 20% 4299 | -7/Factory | Discovered new exit (range 8) 4305 | -7/Factory | Destroyed by H-61 Shepherd with Heavy Assault Cannon Last Messages --------------- area. Proton Bomb Trap short circuited. A bubble of electromagnetic force engulfs the area. K-01 Serf collects debris. Overheating: Energy bleed (-17). K-01 Serf collects debris. System corrupted: Energy discharge (-20). System corrupted: Matter fused (-8). O-24 Administrator: "IFF HANDSHAKE FAILED. SECURING TERMINAL." ALERT: Hostiles spotted, dispatching reinforcements to Terminal F013. ALERT: Suspicious intruders detected, dispatching Specialist reinforcements to area. EXIT=FOUND Penetrated by Slug. Carbon-fiber Leg destroyed. Knocked back. System corrupted: Carbon-fiber Leg rejected. Map ----- +----------------------------------------------------+ | ????????????"""" # # # | | ????????????"""" # # # | | ??????????"""""" + # # | | ????????# # + """" # | | ????????# """""" # # """" # | | ????????????"""" # # """" #### | | ????????????"""" # # """" #??? | | ????????????"""" # # """" #??? | | ???????????? # # """" #??? | | ????????????########## # #??? | | ?????????????? # #########??? | | ?????????????? """" # #??????????? | | ?????????????? """" # #??????????? | | ?????????????# """" # #??????????? | | ?????????????# """" # #??????????? | | ?????????????# """" # #??????????? | | ?????????????# """" + #??????????? | | ?????????????# # #??????????? | | ?????????????# """" [# #??????????? | | ?????????????# """" # #??????????? | | ?????????????# """" # #??????????? | | ????#????????# """" # #??????????? | | ????# ??????# """" # #??????????? | | ????# ????# """" # #??????????? | | ????# ??#% % + +??????????? | | ????# #@ # #??????????? | | ?????# x; # #??????????? | | ?????# x ;######## #??????????? | | ?????# ???????? ??????????? | | ?????# H ???????? ??????????? | | ?????# < ???????? h??????????? | | ?????# ????????? ?????????????? | | ?????# ?????????????????????????? | | ?????####+###?????????????????????????? | | ??????????????????????????????????????? | | ??????????????????????????????????????? | | ??????????????????????????????????????? | | ??????????????????????????????????????? | | ??????????????????????????????????????? | | ??????????????????????????????????????? | | ??????????????????????????????????????? | | ??????????????????????????????????????? | | ??????????????????????????????????????? | | ??????????????????????????????????????? | | ??????????????????????????????????????? | | ??????????????????????????????????????? | | ??????????????????????????????????????? | | ??????????????????????????????????????? | | ??????????????????????????????????????? | | ??????????????????????????????????????? | +----------------------------------------------------+ Best States ------------- Heat Dissipation 35 Energy Generation 38 Energy Capacity 670 Matter Stores 300 Matter Capacity 300 Sight Range 16 Terrain Scan Density 10 Cloak Strength 5 Armor Coverage 375 Evasion (%) 55 Melee Accuracy 18 Core Analysis 6 Recoil Reduction 2 Offensive Hacking 10 Defensive Hacking 10 Item Schematics ----------------- None Robot Schematics ------------------ None Fabricated ------------ Nothing Alien Tech Used ----------------- None Achievements -------------- None Challenges ------------ None Game ------ Seed DamperAutogunDerivative Manual? 0 Play Time 00:21:06 Cumulative 63.2 hours Start 2024.08.05 @ 16:17:18 End 2024.08.06 @ 09:39:03 Sessions 3 Manual Loads 0 Difficulty Rogue Special Mode None Game No. 145 Rogue 70 Adventurer 75 Explorer 0 Win Type - Total 0 Types 0/0/0/0/0/0/0/0/0 Lore% 37 Gallery% 43 Achievement% 33 Wizard Run 0 Options --------- Layout 1 ASCII 0 Keyboard 0 Movement Mouse Keybinds 0 Fullscreen 1 Font 24/Smallcaps Map View 50x35 Zoom Use 0% Tactical HUD 0 Map Filters NONE Filters NONE Steam 1 RUN: b4dd87c2-2e08-43ec-bf43-c8ec59ffbc78